 Dungeon Crawl Stone Soup version 0.24.0-123-gd5b16e6ec5 (webtiles) character file.

Game seed: 831482097380797988, levelgen mode: deterministic

65 Jaqob the Chopper (level 3, 0/31 HPs)
             Began as a Draconian Berserker on Jan 22, 2020.
             Was a Believer of Trog.
             Slain by an adder (2 damage)
             ... on level 2 of the Dungeon.
             The game lasted 00:02:04 (1456 turns).

Jaqob the Chopper (Draconian Berserker)             Turns: 1456, Time: 00:02:05

Health: 0/31       AC:  5    Str: 20    XL:     3   Next: 94%
Magic:  3/3        EV: 12    Int:  7    God:    Trog [**....]
Gold:   90         SH:  0    Dex: 10    Spells: 2/2 levels left

rFire    . . .     SeeInvis +   a - +0 hand axe
rCold    . . .     Gourm    .   (no shield)
rNeg     . . .     Faith    .   (armour unavailable)
rPois    .         Spirit   .   (helmet restricted)
rElec    .         Reflect  .   (no cloak)
rCorr    .         Harm     .   (no gloves)
MR       .....                  (no boots)
Stlth    +.........             (no amulet)
HPRegen  0.10/turn              i - ring of see invisible
MPRegen  0.08/turn              (no ring)

@: lethally poisoned (0 -> -3)
A: unfitting armour, cold-blooded, AC +5
a: Berserk, Trog's Hand, Renounce Religion


You were on level 2 of the Dungeon.
You worshipped Trog.
Trog was pleased with you.
You were not hungry.

You visited 1 branch of the dungeon, and saw 2 of its levels.

You collected 90 gold pieces.

Inventory:

Hand Weapons
 a - a +0 hand axe (weapon)
Armour
 j - a cursed +0 leather armour
Jewellery
 i - a ring of see invisible (left hand)
Scrolls
 d - 4 scrolls of remove curse {unknown}
 k - a scroll of identify {unknown}
 l - 2 scrolls of teleportation {unknown}
Potions
 c - a potion of berserk rage {unknown}
 e - a potion of haste {unknown}
 f - 3 potions of might {unknown}
 g - a potion of brilliance {unknown}
 h - a potion of ambrosia {unknown}
 m - a potion of curing {unknown}
Comestibles
 b - 5 rations


   Skills:
 - Level 3.2 Fighting
 * Level 4.9 Axes
 - Level 2.6 Dodging


You had 2 spell levels left.
You didn't know any spells.
Your spell library was empty.

Dungeon Overview and Level Annotations

Branches:
Dungeon (2/15)

Altars:
Elyvilon


Innate Abilities, Weirdness & Mutations

Your plain brown scales are hard. (AC +5)
You cannot fit into any form of body armour.
You are cold-blooded and may be slowed by cold attacks.


Message History

* * * LOW HITPOINT WARNING * * *
You are poisoned.
The adder poisons you!
You hit the adder.
The adder is heavily wounded.
You feel sick. The adder closely misses you.
You closely miss the adder.
The adder is heavily wounded.
The adder bites you.
* * * LOW HITPOINT WARNING * * *
The adder bites you but does no damage.
You hit the adder but do no damage.
Your tail-slap misses the adder.
The adder is heavily wounded.
* * * LOW HITPOINT WARNING * * *
You feel sick. The adder bites you.
* * * LOW HITPOINT WARNING * * *
You closely miss the adder.
The adder is heavily wounded.
The adder bites you but does no damage. The adder bites you.
You die...

#$....$# ..#
#......##^.
#._....#.!
#.....!..###.
#.<.....$....
#...(.....#
#...S.[.#
#(.@(...# #
#.......# .#
######.## ..#
#####.##...##
#...........#
##.#..##...##
#.#..# ..#
#.#..# $#
###.#.## #.#


You could see an adder.

Vanquished Creatures
  2 adders (D:2)
  A leopard gecko (D:1)
  3 giant cockroaches
  4 goblins
  8 hobgoblins
  5 jackals
  A quokka (D:2)
  6 bats
  2 frilled lizards (D:2)
  6 kobolds
  2 rats
40 creatures vanquished.

Notes
Turn   | Place    | Note
-------+----------+-------------------------------------------
     0 | D:1      | Jaqob the Draconian Berserker began the quest for the Orb.
     0 | D:1      | Reached XP level 1. HP: 19/19 MP: 1/1
   306 | D:1      | Reached XP level 2. HP: 15/26 MP: 2/2
   658 | D:1      | You fall into a shaft and drop 1 floor!
   666 | D:2      | Reached skill level 4 in Axes
   668 | D:2      | Reached XP level 3. HP: 25/31 MP: 3/3
   956 | D:1      | Reached ** piety under Trog
  1435 | D:2      | Found a white marble altar of Elyvilon.
  1456 | D:2      | Slain by an adder

Levels and vault maps discovered:
D:1:      roderic_crossed_star, layout_basic
D:2:      minmay_general_purpose_star, layout_basic, overflow_temple_1_default,
          serial_park_tiny_2, minmay_tetromino_t4, uniq_crazy_yiuf_cottage,
          uniq_natasha

Skill      XL: |  1  2 |
---------------+-------+-----
Axes           | 4 |  4.9
Fighting       | |  3.2
Dodging        | |  2.6

Action                   || total
-------------------------++-------
Melee: Hand axe          ||   141
       Tailslap          ||     6
  Eat: Ration            ||     1
Armor: Skin              ||    59
Dodge: Dodged            ||   116
